 Dungeon Crawl Stone Soup version 0.16.1-5-gaa23807 (webtiles) character file.

64 wojtek the Cutter (level 4, 0/26 HPs)
             Began as a Kobold Assassin on Mar 28, 2015.
             Slain by a worm (8 damage)
             ... on level 2 of the Dungeon.
             The game lasted 00:01:40 (1844 turns).

wojtek the Cutter (Kobold Assassin)                 Turns: 1844, Time: 00:01:40

Health: 0/26       AC:  3    Str:  9    XL:     4   Next: 32%
Magic:  4/4        EV: 14    Int: 10    God:
Gold:   121        SH:  0    Dex: 17    Spells: 0 memorised, 3 levels left

rFire  . . .     SeeInvis .     a - +2 dagger
rCold  . . .     Clarity  .     c - +0 robe
rNeg   . . .     SustAb   .     (no shield)
rPois  .         Gourm    .     (no helmet)
rElec  .         Spirit   .     d - +0 cloak
rCorr  .         Warding  .     (no gloves)
rMut   .         Stasis   .     (no boots)
MR     .....                    (no amulet)
Stlth  +++.......               (no ring)
                                (no ring)

@: not resistant to hostile enchantments, fairly stealthy
A: carnivore 3
a: no special abilities


You were on level 2 of the Dungeon.
You were not hungry.

You visited 1 branch of the dungeon, and saw 2 of its levels.

You collected 121 gold pieces.

Inventory:

Hand weapons
 a - a +2 dagger (weapon)
 b - a +0 blowgun
Missiles
 e - 15 poisoned needles
 f - 2 curare-tipped needles
Armour
 c - a +0 robe (worn)
 d - a +0 cloak (worn)
Scrolls
 h - a scroll of enchant weapon {unknown}
 j - 3 scrolls of random uselessness {unknown}
 k - a scroll of magic mapping {unknown}
 l - 2 scrolls of identify {unknown}
 o - a scroll of amnesia {unknown}
 p - a scroll of fog {unknown}
 q - 3 scrolls of fear {unknown}
 r - a scroll of blinking {unknown}
Potions
 i - a potion of might {unknown}
 m - 2 potions of cancellation {unknown}
 n - a potion of restore abilities {unknown}
Books
 s - a book of Transfigurations

   Spells                             Type                      Level
   a - Stoneskin                      Transmutation/Earth          2
   b - Irradiate                      Conjuration/Transmutation    5
   c - Statue Form                    Transmutation/Earth          6
   d - Hydra Form                     Transmutation                6
   e - Dragon Form                    Transmutation                7
Comestibles
 g - 2 meat rations
 t - a beef jerky


   Skills:
 - Level 2.1 Fighting
 + Level 5.7 Short Blades
 - Level 2.6 Throwing
 - Level 1.2 Dodging
 - Level 5.3 Stealth


You had 3 spell levels left.
You didn't know any spells.

Dungeon Overview and Level Annotations

Branches:
Dungeon (2/15)

Altars:


Innate Abilities, Weirdness & Mutations

You are small and have problems with some larger weapons.
You are carnivorous and can eat meat at any time.


Message History

Aim: a worm (heavily wounded)
You shoot a poisoned needle. The poisoned needle hits the worm.
The worm is poisoned.
The worm is heavily wounded.
Firing (i - inventory. (,) - cycle):
e - 16 poisoned needles (quivered)
Press: ? - help, Shift-Dir - straight line, f/p - worm
Aim: a worm (severely wounded, poisoned)
You shoot a poisoned needle. The poisoned needle hits the worm!
The worm looks even sicker.
The worm is severely wounded.
Wield which item (- for none, * to show all)? (? for menu, Esc to quit)
a - a +2 dagger (weapon)
A worm is nearby!
A worm is nearby!
You start resting.
A worm is nearby!
You hit the worm but do no damage.
The worm is almost dead.
The worm bites you!
You die...

#.# #.#.............. ####.#
#.#...###.#..##.#
#####.##....####.#.#.###.#..##.#
........((...w..................
......##.#######.#....##.#..##.#
### #.# #.###..##.#..##.# ..#
#.###..##.#..##.#
############w......#.#..##.#
#..........@.#####.#.#......
#........)...# #...#.#####
#............# ##..#....#
#............# #..####.#
#............# #..# ..
#............# #..# #
#............######..#
#####.........(.(........#
#.....#########(#######.>+


You could see a worm.

Vanquished Creatures
  3 gnolls (D:2)
  3 worms (D:2)
  A giant gecko (D:2)
  2 goblins (D:1)
  4 bats
  2 giant newts (D:1)
  2 kobolds
  3 rats
20 creatures vanquished.

Notes
Turn   | Place    | Note
--------------------------------------------------------------
     0 | D:1      | wojtek, the Kobold Assassin, began the quest for the Orb.
     0 | D:1      | Reached XP level 1. HP: 12/12 MP: 1/1
   697 | D:2      | Reached XP level 2. HP: 15/17 MP: 2/2
  1017 | D:2      | Reached XP level 3. HP: 2/21 MP: 3/3
  1491 | D:2      | Reached skill level 5 in Short Blades
  1585 | D:2      | Reached XP level 4. HP: 26/26 MP: 4/4
  1844 | D:2      | Slain by a worm

Action                   |  1- 3 |  4- 6 || total
-------------------------+-------+-------++-------
Melee: Dagger            |    34 |    26 ||    60
 Fire: Blowgun           |    12 |     4 ||    16
 Stab: Sleeping          |     5 |     1 ||     6
  Eat: Chunk             |     4 |     2 ||     6
